 Dungeon Crawl Stone Soup version 0.30.1-11-g7821555f0a (webtiles) character file.

Game seed: 3143563760710351365

403 Ekaitz the Gusty (level 6, 0/35 HPs)
             Began as a Tengu Air Elementalist on Dec 22, 2023.
             Slain by a bullfrog (2 damage)
             ... on level 4 of the Dungeon.
             The game lasted 00:07:35 (4137 turns).

Ekaitz the Gusty (Tengu Air Elementalist)           Turns: 4137, Time: 00:07:36

Health: 0/35       AC:  2    Str:  8    XL:     6   Next: 86%
Magic:  3/11       EV: 15    Int: 17    God:
Gold:   135        SH:  0    Dex: 15    Spells: 1/11 levels left

rFire   . . .        d - +2 dagger (holy)
rCold   . . .        (no shield)
rNeg    . . .        a - +0 robe
rPois   .            (helmet restricted)
rElec   .            (no cloak)
rCorr   .            (no gloves)
SInv    .            (boots unavailable)
Will    .....        (no amulet)
Stlth   ++           e - ring of wizardry
HPRegen 0.25/turn    (no ring)
MPRegen 0.12/turn

%: wizardry (x1)
@: flying quickly and evasively, quick
A: beak, talons 3, nimble flight
a: no special abilities


You were on level 4 of the Dungeon.
You visited 1 branch of the dungeon, and saw 5 of its levels.

You collected 245 gold pieces.
You spent 110 gold pieces at shops.

Inventory:

Hand Weapons
 d - a +2 dagger of holy wrath (weapon)
 f - a +1 whip of electrocution
Missiles
 p - 5 poisoned darts
Armour
 a - a +0 robe (worn)
Jewellery
 e - a ring of wizardry (left hand)
Scrolls
 g - a scroll of teleportation {unknown}
 k - 3 scrolls of identify {unknown}
 m - a scroll of immolation {unknown}
 n - a scroll of noise {unknown}
 t - 4 scrolls of amnesia {unknown}
 u - a scroll of fog {unknown}
Potions
 b - a potion of magic
 c - a potion of ambrosia {unknown}
 h - a potion of brilliance {unknown}
 i - 3 potions of lignification {unknown}
 j - a potion of mutation {unknown}
 l - a potion of haste {unknown}
 o - a potion of attraction {unknown}
 q - a potion of flight {unknown}
 r - 2 potions of curing
 s - a potion of heal wounds
 v - 2 potions of berserk rage {unknown}


   Skills:
 * Level 2.0 Fighting
 + Level 0.7 Short Blades
 * Level 3.2 Dodging
 + Level 2.5 Stealth
 + Level 3.1 Spellcasting
 * Level 3.9 Conjurations
 * Level 6.5 Air Magic


You had one spell level left.
You knew the following spells:

 Your Spells              Type           Power      Damage    Failure   Level
a - Shock                 Conj/Air       80%        1d8       1%          1
b - Static Discharge      Conj/Air       40%        2-4/arc   1%          2
c - Swiftness             Air            25%        N/A       1%          3
d - Airstrike             Air            12%        2d(2-18)  4%          4

Your spell library contained the following spells:

 Spells                   Type           Power      Damage    Failure   Level
 Magic Dart               Conj           64%        1d6       1%          1
 Kiss of Death            Conj/Necr      36%        2d8       3%          1
 Necrotise                Necr           8%         1d4       7%          1
 Summon Small Mammal      Summ           8%         N/A       7%          1
 Mephitic Cloud           Conj/Pois/Air  14%        N/A       4%          3
 Dazzling Flash           Conj/Hex       18%        N/A       9%          3
 Call Imp                 Summ           4%         N/A       11%         2
 Ensorcelled Hibernation  Hex/Ice        4%         N/A       11%         2
 Passwall                 Tmut/Erth      1%         N/A       11%         2
 Call Canine Familiar     Summ           2%         N/A       21%         3
 Confusing Touch          Hex            2%         N/A       21%         3
 Summon Guardian Golem    Hex/Summ       2%         N/A       21%         3
 Vampiric Draining        Necr           2%         2d6       21%         3
 Silence                  Hex/Air        6%         N/A       43%         5
 Animate Dead             Necr           2%         N/A       52%         4
 Dispel Undead            Necr           2%         3d7       52%         4
 Agony                    Necr           2%         N/A       86%         5
 Haunt                    Necr/Summ      1%         N/A       100%        7
 Infestation              Necr           1%         N/A       100%        8


Dungeon Overview and Level Annotations

Branches:
Dungeon (5/15)
 Temple: D:4-7

Altars:

Shops:
D:4 !!=


Innate Abilities, Weirdness & Mutations

You have a beak for a mouth.
You have claws for feet.
Your magical nature lets you fly swiftly and evasively.


Message History

Casting: Shock (safe; 1% risk of failure)
Confirm with . or Enter, or press ? or * to list all spells.
Aiming: Shock (safe; 1% risk of failure)
Press: ? - help, Shift-Dir - straight line, f - bullfrog
Aim: a bullfrog (64% to hit)
The zap hits the bullfrog.
The bullfrog is lightly wounded.
The zap hits the orc.
The orc is lightly wounded.
The zap hits the orc.
The orc is lightly wounded.
The bullfrog hits you but does no damage.
Casting: Shock (safe; 1% risk of failure)
Confirm with . or Enter, or press ? or * to list all spells.
Okay, then.
The bullfrog barely misses you.
The bullfrog releases a deep croak.
The bullfrog barely misses you. The bullfrog barely misses you.
The bullfrog attacks as you move away! The bullfrog hits you!
* * * LOW HITPOINT WARNING * * *
The bullfrog hits you.
* * * LOW HITPOINT WARNING * * *
There is a stone staircase leading up here.
The bullfrog completely misses you.
You fly upwards.
There is a stone staircase leading down here.
The bullfrog attacks as you move away! The bullfrog barely misses you.
The bullfrog hits you but does no damage.
There is an entrance to Junix's Jewellery Boutique here.
Casting: Shock (safe; 1% risk of failure)
Confirm with . or Enter, or press ? or * to list all spells.
Aiming: Shock (safe; 1% risk of failure)
Press: ? - help, Shift-Dir - straight line The zap hits the bullfrog!
The bullfrog is moderately wounded.
The zap hits the bullfrog.
The bullfrog is heavily wounded.
The bullfrog hits you.
You die...

##.......# #.#.##.# #......<.#
#.#.##.# #.......## #...##.#
....#..### #..###.# #........#
#....).##############
#.....#..####..####............#
#.....#...###...###.####.#####.#
.......##.[....^.........#####.#
..........##8.>F@.<.8.......##.#
..........###.......#.##.##.##.#
#.......#.#
#..................##
##........#
#..#.#..####.##...... ###...####
#.......####.######## #...#
#.##.#.......##### #...#
#.##.#...........#
####...######.##.....#.......#
.<..........#................#


You could see a bullfrog.

Vanquished Creatures
  A black bear (D:5)
  A bullfrog (D:4)
  A jelly (D:5)
  Jessica (D:3)
  An iguana (D:5)
  2 orc wizards
  Robin (D:2)
  2 adders
  A worm (D:2)
  3 dart slugs (D:1)
  9 orcs
  5 endoplasms
  2 giant cockroaches
  9 goblins
  13 hobgoblins
  2 quokkas
  5 ball pythons
  6 bats
  3 frilled lizards
  6 kobolds
  3 rats
77 creatures vanquished.

Notes
Turn   | Place    | Note
-------+----------+-------------------------------------------
     0 | D:1      | Ekaitz the Tengu Air Elementalist began the quest for the
                  | Orb.
     0 | D:1      | Reached XP level 1. HP: 10/10 MP: 4/4
   203 | D:1      | Reached XP level 2. HP: 16/16 MP: 3/6
   251 | D:1      | Learned a level 2 spell: Static Discharge
   985 | D:1      | Reached XP level 3. HP: 20/20 MP: 4/7
   989 | D:1      | Learned a level 3 spell: Swiftness
  1122 | D:2      | Reached skill level 1 in Fighting
  1656 | D:2      | Found a faded altar of an unknown god.
  1667 | D:2      | Reached skill level 5 in Air Magic
  2107 | D:2      | Reached XP level 4. HP: 17/25 MP: 5/8
  2133 | D:2      | Noticed Robin
  2135 | D:2      | Killed Robin
  2697 | D:3      | Noticed Jessica
  2704 | D:3      | Killed Jessica
  2966 | D:4      | Found Junix's Jewellery Boutique.
  3039 | D:4      | Found Heab Jav's Distillery.
  3048 | D:4      | Bought a potion of degeneration for 14 gold pieces
  3076 | D:4      | Gained mutation: Your magical nature lets you fly swiftly
                  | and evasively. [Tengu growth]
  3076 | D:4      | Reached XP level 5. HP: 26/29 MP: 4/9
  3160 | D:4      | Found Qypn's Distillery.
  3166 | D:4      | Bought a potion of heal wounds for 60 gold pieces
  3166 | D:4      | Bought a potion of curing for 36 gold pieces
  3202 | D:4      | Noticed a lemure
  3202 | D:4      | Noticed a lemure
  3203 | D:4      | Noticed a lemure
  3451 | D:4      | Reached skill level 6 in Air Magic
  3589 | D:4      | Noticed a lemure
  3706 | D:4      | Reached XP level 6. HP: 29/35 MP: 3/11
  3712 | D:4      | Learned a level 4 spell: Airstrike
  3934 | D:5      | Entered Level 5 of the Dungeon
  4054 | D:5      | Noticed a black bear
  4060 | D:5      | Killed a black bear
  4110 | D:5      | Noticed a black bear
  4132 | D:5      | HP: 1/35 [bullfrog (2)]
  4137 | D:4      | Slain by a bullfrog

Illustrated notes

Levels and vault maps discovered:
D:1:      dpeg_arrival_ternary, layout_basic
D:2:      mumra_celtic_spiral_tile, layout_basic,
          shapermc_ecumenical_altar_mp_ritualfount, minmay_misc_feat_enclosed,
          uniq_robin
D:3:      layout_rooms, minmay_misc_feat_chi, uniq_jessica
D:4:      layout_loops_cross, serial_shops, shop, kennysheep_little_box,
          nicolae_stop_n_shop_2, uniq_pikel
D:5:      layout_layer_cave, minmay_temple_entry_gardened_gates, serial_undead,
          serial_undead_b, serial_undead_f, serial_undead_b, serial_undead_c,
          serial_undead_a, serial_undead_d, uniq_duvessa

Skill      XL: |  1  2  3  4  5  6 |
---------------+-------------------+-----
Fighting       | 1 2 |  2.0
Conjurations   | 2 3 |  3.9
Air Magic      | 5 6 |  6.5
Dodging        | 3 |  3.2
Spellcasting   | 3 |  3.1
Short Blades   | |  0.7
Stealth        | |  2.5

Action                     |  1- 3 |  4- 6 || total
---------------------------+-------+-------++-------
  Melee: Dagger            |     9 |    14 ||    23
         Kick              |     2 |     8 ||    10
         Peck              |     2 |     1 ||     3
         Punch             |       |     1 ||     1
   Cast: Shock             |    71 |    87 ||   158
         Static Discharge  |     2 |     3 ||     5
 Armour: Robe              |     4 |     3 ||     7
  Dodge: Dodged            |    25 |    19 ||    44
